Cogmind - Beta 12 @@@ ROGUE MODE // 2023.06.12 @ 20:32:34 Player: Mr Goldstein Result: Destroyed by S-10 Pest with Light Assault Rifle Performance ------------- Evolutions (0) 0 Regions Visited (4) 800 Robots Destroyed (32) 160 Value Destroyed (695) 695 Prototype IDs (23) 460 Alien Tech Used (0) 0 Bonus (288) 288 TOTAL SCORE: 2403 Bonus ------- Aligned with FarCom 300 Friendly Fire -12 Cogmind --------- Core Integrity 0/250 Matter 253/300 Energy 80/100 System Corruption 0% Temperature Cool (0) Movement Treading (240) Ox1 Location -9/Mines Parts ------- > --- POWER (1) -------- (None) > --- PROPULSION (2) --- Light Treads Light Treads > --- UTILITY (2) ------ High-capacity Storage Unit > --- WEAPON (2) ------- Mini Grenade Launcher > --- INVENTORY (20) --- Ion Engine Wheel Signal Interpreter Core Shielding Light Armor Plating Hardened Light Armor Plating Hardened Light Armor Plating Hardened Light Armor Plating Shield Generator Shield Generator Shield Generator Shield Generator Guided Plasma Cannon Mini Grenade Launcher Peak State ------------ > --- POWER ------------ Ion Engine > --- PROPULSION ------- Wheel Compact Wheel > --- UTILITY ---------- High-capacity Storage Unit Hardened Light Armor Plating > --- WEAPON ----------- Guided Plasma Cannon Light Assault Rifle > --- INVENTORY -------- Ion Engine Light Treads Light Treads Wheel Signal Interpreter Core Shielding Light Armor Plating Hardened Light Armor Plating Hardened Light Armor Plating Hardened Light Armor Plating Shield Generator Shield Generator Shield Generator Shield Generator Light Assault Rifle Mini Grenade Launcher Mini Grenade Launcher [Rating: 17] Favorites ----------- Power Ion Engine Engine Ion Engine Propulsion Light Treads Treads Light Treads Wheel Wheel Utility High-capacity Storage Unit Storage High-capacity Storage Unit Protection Hardened Light Armor Plating Weapon Light Assault Rifle Energy Cannon Guided Plasma Cannon Ballistic Gun Light Assault Rifle Launcher Mini Grenade Launcher Build | -11 -10 -10 -10 -9 ------- Run | Jun Mat Min Exi Min Slots Evolved . | . . . . . Power . | . . . . . Propulsion . | . . . . . Utility . | . . . . . Weapon . | . . . . . Parts Attached 35 | 7 17 3 7 1 Power 5 | 2 2 1 . . Engine 5 | 2 2 1 . . Core . | . . . . . Reactor . | . . . . . Propulsion 14 | 2 9 . 3 . Treads 7 | . 5 . 2 . Leg . | . . . . . Wheel 7 | 2 4 . 1 . Hover . | . . . . . Flight . | . . . . . Utility 6 | 1 3 . 2 . Device . | . . . . . Storage 2 | 1 1 . . . Processor . | . . . . . Hackware . | . . . . . Protection 4 | . 2 . 2 . Artifact . | . . . . . Weapon 10 | 2 3 2 2 1 Energy Gun . | . . . . . Energy Cannon 1 | . . . 1 . Ballistic Gun 7 | 2 2 2 1 . Ballistic Cannon . | . . . . . Launcher 2 | . 1 . . 1 Special Weapon . | . . . . . Impact Weapon . | . . . . . Slashing Weapon . | . . . . . Piercing Weapon . | . . . . . Special Melee Weapon . | . . . . . Unidentified Prototypes . | . . . . . Parts Lost 7 | . 2 1 4 . Power 2 | . 1 . 1 . Propulsion 2 | . 1 . 1 . Utility 1 | . . . 1 . Weapon 2 | . . 1 1 . Highest Loss Streak 4 | . 2 1 4 . To Critical Strikes 2 | . . . 2 . Average Slot Usage (%) 95 | . 97 98 89 42 Engine 12 | . 13 14 11 . Treads 16 | . 21 . 4 28 Wheel 11 | . 6 28 23 . Storage 14 | . 14 14 14 14 Protection 12 | . 13 14 11 . Ballistic Gun 25 | . 26 23 22 . Naked Turns . | . . . . . Heaviest Build 53 | 13 53 52 52 40 Greatest Support 40 | 26 40 26 40 40 Greatest Overweight (x) 1 | . 1 1 1 . Average Overweight (x) . | . . 1 . . Largest Inventory Capacity 20 | 8 20 20 20 20 Average Capacity 17 | 6 17 20 20 20 Most Carried 20 | 4 20 19 20 15 Average Carried 15 | 1 15 19 18 15 Final Capacity 20 | 8 20 20 20 20 Final Carried 19 | 4 19 19 15 14 Class Distribution -------------------- 100% | Mutant Dominant Class ---------------- Mutant | -10/Materials Mutant | -10/Mines Mutant | -10/Exiles Mutant | -9/Mines Resources | -11 -10 -10 -10 -9 ----------- Run | Jun Mat Min Exi Min Matter Collected 865 | 206 593 16 50 . Remotely . | . . . . . Salvage Created 964 | 17 930 17 . . Parts 79 | 4 72 3 . . Haulers Intercepted 2 | . 2 . . . Recyclers Shooed 3 | . 3 . . . Parts Field Recycled . | . . . . . Retrieved Matter . | . . . . . Parts Self-Destructed . | . . . . . Prevented . | . . . . . Kills | -11 -10 -10 -10 -9 ------- Run | Jun Mat Min Exi Min Combat Hostiles Destroyed 23 | . 20 3 . . Guns 19 | . 18 1 . . AOE 4 | . 2 2 . . Classes Destroyed 7 | 1 6 . . . Worker 1 | . 1 . . . Tunneler 1 | 1 . . . . Hauler 2 | . 2 . . . Recycler 2 | . 2 . . . Watcher 3 | . 3 . . . Swarmer 8 | . 5 3 . . Grunt 15 | . 15 . . . Best Kill Streak 4 | 1 4 3 . . Combat Bots Only 3 | . 3 3 . . Max Kills in Single Turn 2 | 1 2 2 . . Gunslinging 1 | . 1 . . . Exploded 2 | . 1 2 . . Melee . | . . . . . Uniques/NPCs Destroyed 1 | . . . 1 . 8R-AWN (-10/Exiles) Combat | -11 -10 -10 -10 -9 -------- Run | Jun Mat Min Exi Min Damage Taken 1229 | . 768 39 372 50 Core 253 | . 150 8 80 15 Absorbed by Shields . | . . . . . Redirected to Shielding 11 | . . . 11 . Core Remaining (%) 100 | 100 . . . . Volleys Fired 116 | 3 97 5 11 . Largest 2 | 2 2 1 2 . Hottest 120 | 40 40 30 120 . Shots Fired 209 | 6 183 5 15 . Gun 201 | 6 180 4 11 . Cannon 4 | . . . 4 . Launcher 4 | . 3 1 . . Special . | . . . . . Kinetic 201 | 6 180 4 11 . Thermal 4 | . . . 4 . Explosive 4 | . 3 1 . . Electromagnetic . | . . . . . Robot Hit Streak 17 | 4 17 3 8 . Robot Miss Streak 5 | 1 5 1 1 . Penetration Max . | . . . . . Secondary Targets 2 | . 2 . . . Max Gunslinging Chain 1 | . 1 . . . Shots Hit Robots 140 | 4 124 3 9 . Core Hits 59 | 3 50 4 2 . Critical Kills . | . . . . . Critical Parts Destroyed 2 | . 1 1 . . Critical Strikes 2 | . 1 1 . . Destroy 2 | . 1 1 . . Melee Attacks . | . . . . . Impact . | . . . . . Slashing . | . . . . . Piercing . | . . . . . Sneak Attacks . | . . . . . Combat Hostiles . | . . . . . Follow-up Attacks . | . . . . . Damage Inflicted 1714 | 48 1451 132 83 . Guns 1388 | 48 1245 25 70 . Cannons 13 | . . . 13 . Explosions 313 | . 206 107 . . Melee . | . . . . . Ramming . | . . . . . Kinetic 1388 | 48 1245 25 70 . Thermal 13 | . . . 13 . Explosive 313 | . 206 107 . . Electromagnetic . | . . . . . Impact . | . . . . . Slashing . | . . . . . Piercing . | . . . . . Highest Corruption . | . . . . . Average Corruption . | . . . . . Corruption Purged . | . . . . . Corruption Blocked . | . . . . . Overload Shots . | . . . . . Overflow Damage . | . . . . . Projectiles . | . . . . . Explosions . | . . . . . Melee . | . . . . . Knockbacks . | . . . . . Impact . | . . . . . Kinetic . | . . . . . Secondary . | . . . . . Self-Inflicted Damage . | . . . . . Shots . | . . . . . Rammed . | . . . . . Targets Rammed . | . . . . . Kicked . | . . . . . Crushed . | . . . . . Highest Temperature 360 | . 40 10 360 . Average Temperature 43 | . 10 6 233 . Received Heat Transfer 360 | . 360 . . . Effects 4 | . . . 4 . Interference 2 | . . . 2 . Short Circuit 1 | . . . 1 . Damage (minor) 1 | . . . 1 . Siege Activations . | . . . . . Robots Corrupted . | . . . . . Combat Hostiles . | . . . . . Parts Fried . | . . . . . Impact Corruptions . | . . . . . Robots Melted . | . . . . . Combat Hostiles . | . . . . . Parts Melted . | . . . . . Heat Transferred 80 | . . . 80 . Parts Sabotaged . | . . . . . Parts Stolen . | . . . . . Parts Stripped . | . . . . . Power Chain Reactions . | . . . . . Missiles Intercepted . | . . . . . Alert | -11 -10 -10 -10 -9 ------- Run | Jun Mat Min Exi Min Peak Influence 320 | 5 320 221 . . Initial 124 | . 3 124 . . Average 123 | . 121 200 . . Maximum Alert Level 1 | . 1 1 . . Low Security (%) 71 | 100 76 20 . 100 Level 1 28 | . 23 79 . . Level 2 . | . . . . . Level 3 . | . . . . . Level 4 . | . . . . . Level 5 . | . . . . . High Security . | . . . . . Max Security . | . . . . . Squads Dispatched 7 | . 7 . . . Investigation 6 | . 6 . . . Extermination . | . . . . . Reinforcement 1 | . 1 . . . Assault . | . . . . . Garrison . | . . . . . Intercept . | . . . . . Searches Triggered . | . . . . . Construction Impeded . | . . . . . Haulers Reinforced . | . . . . . Active Scanning Responses . | . . . . . Cargo Convoy Interrupts . | . . . . . Stealth | -11 -10 -10 -10 -9 --------- Run | Jun Mat Min Exi Min Distress Signals 3 | . 3 . . . Communications Jammed . | . . . . . Distress Signals . | . . . . . Times Spotted 54 | . 35 3 12 4 Peak Tracking Total 9 | . 7 3 9 4 Tactical Retreats 4 | . 2 . 2 . Traps | -11 -10 -10 -10 -9 ------- Run | Jun Mat Min Exi Min Traps Triggered 3 | . 3 . . . Indirectly . | . . . . . Trap Hack Attempts . | . . . . . Triggered . | . . . . . Disarmed . | . . . . . Reprogrammed . | . . . . . Reused . | . . . . . Traps Extracted . | . . . . . Installed . | . . . . . Triggered . | . . . . . Exploded 1 | . . . 1 . Machines | -11 -10 -10 -10 -9 ---------- Run | Jun Mat Min Exi Min Machines Disabled 3 | . . 2 1 . Max in Single Turn 2 | . . 2 . . Machines Repaired . | . . . . . Machines Sabotaged . | . . . . . Overloaded Fab Kills . | . . . . . Hacking | -11 -10 -10 -10 -9 --------- Run | Jun Mat Min Exi Min Machines Accessed 12 | . 9 1 2 . Terminals 6 | . 6 . . . Fabricators . | . . . . . Repair Stations 1 | . 1 . . . Recycling Units 2 | . 2 . . . Scanalyzers . | . . . . . Garrison Access . | . . . . . Total Hacks 26 | . 23 1 2 . Successful 15 | . 12 1 2 . Failed 11 | . 11 . . . Catastrophic 3 | . 3 . . . Database Lockouts . | . . . . . Manual 16 | . 15 . 1 . Terminals 18 | . 18 . . . Fabricators . | . . . . . Repair Stations 3 | . 3 . . . Recycling Units 2 | . 2 . . . Scanalyzers . | . . . . . Garrison Access . | . . . . . Terminal Hacks 9 | . 6 1 2 . Record 1 | . . . 1 . Robot Analysis 4 | . 4 . . . Open Door 1 | . . 1 . . Alert Level 1 | . 1 . . . Hauler Manifests 1 | . 1 . . . EX-Prototype ID Bank 1 | . . . 1 . Fabricator Hacks . | . . . . . Repair Station Hacks 1 | . 1 . . . Scan Component 1 | . 1 . . . Recycling Unit Hacks . | . . . . . Scanalyzer . | . . . . . Garrison Access Hacks . | . . . . . Unauthorized Hacks 5 | . 5 . . . Terminals 3 | . 3 . . . Search 3 | . 3 . . . Fabricators . | . . . . . Repair Stations . | . . . . . Recycling Units 2 | . 2 . . . Tunnel 2 | . 2 . . . Scanalyzers . | . . . . . Garrison Access . | . . . . . Data Cores Recovered . | . . . . . Used . | . . . . . Hacking Detections 4 | . 4 . . . Full Trace Events 3 | . 3 . . . Feedback Events . | . . . . . Feedback Blocked . | . . . . . Robot Schematics Acquired . | . . . . . Robots Built . | . . . . . Authchips . | . . . . . Time . | . . . . . Total Robot Build Rating . | . . . . . Part Schematics Acquired . | . . . . . Parts Built . | . . . . . Authchips . | . . . . . Time . | . . . . . Total Part Build Rating . | . . . . . Parts Repaired . | . . . . . Time . | . . . . . Parts Recycled . | . . . . . Recycled Matter . | . . . . . Retrieved Matter . | . . . . . Retrieved Components . | . . . . . Parts Scanalyzed . | . . . . . Part Schematics Acquired . | . . . . . Parts Damaged . | . . . . . Bothacking | -11 -10 -10 -10 -9 ------------ Run | Jun Mat Min Exi Min Used RIF Installer . | . . . . . Robots Hacked . | . . . . . Non-combat . | . . . . . Combat . | . . . . . Robot Hacks Applied . | . . . . . Relay Couplers Released . | . . . . . Fabnet Peak Effective % . | . . . . . Robots Rewired . | . . . . . Allies Hacked . | . . . . . Hacks Repelled . | . . . . . Allies | -11 -10 -10 -10 -9 -------- Run | Jun Mat Min Exi Min Total Allies 3 | . . 3 . . Largest Group 3 | . . 3 2 . Highest-Rated Group 40 | . . 40 32 . Highest-Rated Ally 16 | . . 16 16 . Total Orders . | . . . . . Ally Attacks 28 | . . 2 26 . Total Damage 1064 | . . 26 1038 . Kills 3 | . . . 3 . Allies Corrupted . | . . . . . Allies Melted . | . . . . . Turrets Deployed 3 | . . . 3 . Intel | -11 -10 -10 -10 -9 ------- Run | Jun Mat Min Exi Min Robot Analysis Total 4 | . 4 . . . Derelict Logs Recovered . | . . . . . Drone Launches . | . . . . . Drone Recoveries . | . . . . . Exploration | -11 -10 -10 -10 -9 ------------- Run | Jun Mat Min Exi Min Turns Passed 2268 | 58 1570 181 439 20 Spaces Moved 1206 | 48 648 148 350 12 Core 17 | 17 . . . . Treads 445 | . 392 . 41 12 Legs . | . . . . . Wheels 744 | 31 256 148 309 . Hover . | . . . . . Flight . | . . . . . Fastest Speed 50 | 50 90 105 105 160 Average Speed 144 | 75 176 105 111 160 Slowest Speed 240 | 90 240 105 160 160 Overloaded Moves . | . . . . . Propulsion Burnouts . | . . . . . Robots Hopped 1 | . . . 1 . Cave-ins Triggered . | . . . . . Exploration Rate (%) 38 | 3 93 26 64 5 Regions Visited 4 Branch Regions 3 Pre-discovered Areas 3 | . 2 . 1 . Known Exits Taken . | . . . . . Unknown Exits Taken 4 | 1 1 1 1 . Scrap Searched 1 | . . 1 . . Spaces Dug 10 | . 10 . . . Terrain Destroyed 36 | . 29 7 . . Melee . | . . . . . Projectile . | . . . . . AOE 36 | . 29 7 . . Terrain Rammed . | . . . . . Walls Destroyed . | . . . . . Machines Disabled . | . . . . . Actions | -11 -10 -10 -10 -9 --------- Run | Jun Mat Min Exi Min Total 1544 | 60 914 168 389 13 Wait 145 | . 124 12 9 . Move 1200 | 47 647 147 347 12 Hop 1 | . . . 1 . Pick Up 29 | 3 22 . 4 . Fast Attach 12 | 6 4 2 . . Attach 8 | . 3 . 4 1 Detach 2 | . . . 2 . Swap 15 | 1 10 1 3 . Drop 16 | . 7 1 8 . Fire 116 | 3 97 5 11 . Melee . | . . . . . Ram . | . . . . . Kick . | . . . . . Crush . | . . . . . Escape Stasis . | . . . . . Rewire . | . . . . . Trap . | . . . . . Miscellaneous . | . . . . . Route ------- -11/Junkyard -10/Materials (discovered 4 exits: [*Mat x3] / *Min) -10/Mines -10/Exiles -9/Mines History --------- Turn | Location | Event 2 | -11/Junkyard | Discovered new exit (range 16) 59 | -11/Junkyard | Entered Materials 144 | -10/Materials | Discovered new exit (range 8) 315 | -10/Materials | Build established: Mutant 1006 | -10/Materials | Discovered new exit (range 14) 1301 | -10/Materials | Discovered new exit (range 5) 1371 | -10/Materials | Core integrity fell below 50% 1462 | -10/Materials | Discovered new exit (range 15) 1629 | -10/Materials | Entered Mines 1717 | -10/Mines | Assisted by bots powering up and referring to "LRC-V3" 1750 | -10/Mines | Found the Drone Emporium 1793 | -10/Mines | Deemed a non-threat by the Exiles lab entrance 1793 | -10/Mines | Discovered new exit (range 5) 1810 | -10/Mines | Entered Exiles 1810 | -10/Exiles | Accompanied by 2 allies 1835 | -10/Exiles | Met 8R-AWN 1854 | -10/Exiles | Met EX-HEX 1896 | -10/Exiles | Met EX-DEC 1900 | -10/Exiles | Learned location of Zion (-6) 1930 | -10/Exiles | Discovered new exit (range 14) 1986 | -10/Exiles | Met EX-BIN 2001 | -10/Exiles | Aligned with FarCom system 2002 | -10/Exiles | Given EX-Vault access code 2026 | -10/Exiles | Opened EX-Vault 2033 | -10/Exiles | Found Deploy-a-Sentry 2035 | -10/Exiles | Found Deploy-a-Sentry 2037 | -10/Exiles | Found Deploy-a-Sentry 2041 | -10/Exiles | Found Gui. Plasma Cannon 2065 | -10/Exiles | Warned to stay clear of 0b10 Research branches 2074 | -10/Exiles | Exiles lab attacked by MAIN.C 2135 | -10/Exiles | DAS Turret deployed 2135 | -10/Exiles | DAS Turret deployed 2137 | -10/Exiles | DAS Turret deployed 2144 | -10/Exiles | Attacked by the Exiles 2163 | -10/Exiles | Core integrity fell below 20% 2176 | -10/Exiles | Allies destroyed 8R-AWN 2195 | -10/Exiles | Lost 4 parts (1p1n1u1w) 2249 | -10/Exiles | Left Exiles lab with Gui. Plasma Cannon 2249 | -10/Exiles | Entered Mines 2269 | -9/Mines | Destroyed by S-10 Pest with Light Assault Rifle Last Messages --------------- 02168_ 8R-AWN knocked back. 02170_ Overheating: System interference. 02170_ Lgt. Assault Rifle temporarily disabled. 02170_ Destroyed Prototype Protection. 02170_ 8R-AWN knocked back. 02171_ HV Slug penetrates Wall. 02171_ HV Slug penetrates Earth. 02171_ Penetrated by HV Slug. 02173_ HV Slug penetrates Wall. 02174_ 8R-AWN knocked back. 02176_ 8R-AWN Rnf. Fission Core blasted off. 02176_ 8R-AWN destroyed. 02178_ Dropped Lgt. Assault Rifle. 02178_ Dropped Broken Wheel. 02178_ DAS Turret destroyed. 02187_ Acquired 50 matter. 02213_ Machine disabled. 02217_ DAS Turret destroyed. LOCATION=UNKNOWN GOAL=ESCAPE Map ----- +----------------------------------------------------+ | ???????????????????????????????????????? | | ???????????????????????????????????????? | | ???????????????????????????????????????? | | ???????????????????????????????????????? | | ???????????????????????????????????????? | | ???????????????????????????????????????? | | ???????????????????????????????????????? | | ???????????????????????????????????????? | | ???????????????????????????????????????? | | ???????????????????????????????????????? | | ???????????????????????????????????????? | | ???????????????????????????????????????? | | ???????????????????????????????????????? | | ???????????????????????????????????????? | | ???????????????????????????????????????? | | ???????????????????????????????????????? | | ???????????????????????????????????????? | | ???????????????????????????????????????? | | ?????????????????????????????#?????????? | | ???????????????????????????? #?????????? | | ??????????????????????????## #?????????? | | ????????????????????????## ##????????? | | ???????????????????????## ##???????? | | ?????????????????????### #???????? | | ????????????????????## #???????? | | ????????????????????# @ ##???????? | | ????????????????????# ##????????? | | ????????????????????# #####?????????? | | ????????????????????# ##?????????????? | | ????????????????????# ss#??????????????? | | ????????????????????# s##??????????????? | | ????????????????????# #???????????????? | | ????????????????????# #???????????????? | | ????????????????????# ???????????????? | | ????????????????????# ???????????????? | | ????????????????????### ???????????????? | | ??????????????????????? ???????????????? | | ??????????????????????? ??????????????? | | ??????????????????????? ??????????????? | | ??????????????????????? ??????????????? | | ??????????????????????? ??????????????? | | ??????????????????????? ?????????????? | | ??????????????????????? ?????????????? | | ???????????????????????? ?????????????? | | ???????????????????????? ?????????????? | | ???????????????????????? ??????????????? | | ???????????????????????????????????????? | | ???????????????????????????????????????? | | ???????????????????????????????????????? | | ???????????????????????????????????????? | +----------------------------------------------------+ Best States ------------- Heat Dissipation 25 Energy Generation 10 Energy Capacity 250 Matter Stores 300 Matter Capacity 300 Sight Range 16 Terrain Scan Density 10 Armor Coverage 150 Core Shielding 20 Evasion (%) 42 Recoil Reduction 2 Item Schematics ----------------- None Robot Schematics ------------------ None Fabricated ------------ Nothing Alien Tech Used ----------------- None Achievements -------------- None Challenges ------------ None Game ------ Seed SurgeScanChronowheel Manual? 0 Play Time 00:14:20 Cumulative 288.2 hours Start 2023.06.12 @ 20:11:19 End 2023.06.12 @ 20:32:34 Sessions 1 Manual Loads 0 Difficulty Rogue Special Mode None Game No. 846 Rogue 846 Adventurer 0 Explorer 0 Win Type - Total 18 Types 8/0/8/2/0/0/0/0/0 Lore% 90 Gallery% 88 Achievement% 80 Wizard Run 0 Options --------- ASCII 0 Keyboard 0 Movement Mouse Keybinds 0 Fullscreen 1 Font 16/SmallcapsGlow Map View 75x55 Tactical HUD 1 Map Filters NONE Filters NONE Steam 1 RUN: 90abc2db-2172-4de6-9d08-9631de1ece24